Cogmind - Beta 17 @@@ ROGUE MODE // 2026.08.16 @ 01:09:09 Player: Fedop Result: Smashed by cave-in Performance ------------- Evolutions (0) 0 Regions Visited (4) 800 Robots Destroyed (24) 120 Value Destroyed (759) 759 Prototype IDs (7) 140 Alien Tech Used (0) 0 Bonus (796) 796 TOTAL SCORE: 2615 Bonus ------- Follower Combat Kills 7 Registered with UFD 300 Met Optimus in HQ 500 Friendly Fire -11 Cogmind --------- Core Integrity 0/250 Matter 290/300 Energy 140/140 System Corruption 0% Temperature Cool (0) Movement Rolling (210) Ox8 Location -7/Scraptown Parts ------- > --- POWER (1) -------- Light Deuterium Engine > --- PROPULSION (2) --- Wheel Compact Wheel > --- UTILITY (2) ------ Humpback > --- WEAPON (2) ------- Overtuned Pulse Rifle Spear > --- INVENTORY (35) --- Armored Huge Wheel Scrap Suit Makeshift Microdissipator Network Large Storage Unit Rocket Booster Expert System Transmission Jammer Improved Weapon Shielding Hardened Medium Armor Plating Makeshift Light Armor Plating Makeshift Light Armor Plating Overtuned Pulse Rifle Rocket Launcher Makeshift Axe Falx Peak State ------------ > --- POWER ------------ Improved Deuterium Engine > --- PROPULSION ------- Compact Wheel Compact Wheel > --- UTILITY ---------- Large Storage Unit A0-MCA's Component Scanner > --- WEAPON ----------- Makeshift Axe Falx > --- INVENTORY -------- Improved Deuterium Engine Wheel Armored Huge Wheel Scrap Suit Structural Scanner Transmission Jammer Improved Weapon Shielding Hardened Medium Armor Plating Makeshift Laser Makeshift Laser Rocket Launcher Katana Spear [Rating: 29] Favorites ----------- Power Ion Engine Engine Ion Engine Propulsion Compact Wheel Treads Light Treads Leg Aluminum Leg Wheel Compact Wheel Utility Large Storage Unit Device Seismic Detector Storage Large Storage Unit Processor A0-MCA's Component Scanner Protection Hardened Medium Armor Plating Weapon Improved EM Shotgun Energy Gun Improved EM Shotgun Energy Cannon Particle Cannon Ballistic Gun Light Assault Rifle Launcher Grenade Launcher Special Weapon Mining Laser Slashing Weapon Falx Piercing Weapon Spear Build | -11 -10 -10 -10 -7 ------- Run | Yrd Mat Min Sub Scr Slots Evolved . | . . . . . Power . | . . . . . Propulsion . | . . . . . Utility . | . . . . . Weapon . | . . . . . Parts Attached 42 | 6 11 6 . 19 Power 6 | 1 2 . . 3 Engine 6 | 1 2 . . 3 Core . | . . . . . Reactor . | . . . . . Propulsion 9 | 2 . 4 . 3 Treads 4 | 2 . . . 2 Leg 2 | . . 2 . . Wheel 3 | . . 2 . 1 Hover . | . . . . . Flight . | . . . . . Utility 11 | 1 4 2 . 4 Device 5 | . 3 1 . 1 Storage 4 | 1 1 1 . 1 Processor 1 | . . . . 1 Hackware . | . . . . . Protection 1 | . . . . 1 Artifact . | . . . . . Weapon 16 | 2 5 . . 9 Energy Gun 5 | . 1 . . 4 Energy Cannon 1 | . 1 . . . Ballistic Gun 3 | 2 1 . . . Ballistic Cannon . | . . . . . Launcher 2 | . 1 . . 1 Special Weapon 1 | . 1 . . . Impact Weapon . | . . . . . Slashing Weapon 3 | . . . . 3 Piercing Weapon 1 | . . . . 1 Special Melee Weapon . | . . . . . Unidentified Prototypes 1 | . 1 . . . Parts Lost 8 | . 2 4 . 2 Power 3 | . 1 1 . 1 Propulsion 3 | . . 2 . 1 Utility . | . . . . . Weapon 2 | . 1 1 . . Highest Loss Streak 4 | . 2 4 . 1 To Critical Strikes . | . . . . . Average Backups 9 | 1 7 8 8 12 Power . | . 1 . 1 . Propulsion . | . 2 . . . Utility 3 | . 1 3 3 5 Weapon 4 | . 3 3 4 5 Tool/Special . | . . . . . Unused Backups 24 | . 1 3 . 20 Power 2 | . 1 . . 1 Propulsion 4 | . . 2 . 2 Utility 15 | . . 1 . 14 Weapon 3 | . . . . 3 Tool/Special . | . . . . . Average Slot Usage (%) 91 | . 97 99 100 82 Engine 13 | . 13 13 14 13 Treads 5 | . 28 2 . . Wheel 21 | . . 23 28 27 Device 11 | . 12 14 14 10 Storage 14 | . 14 14 14 14 Energy Gun 8 | . 1 12 14 6 Ballistic Gun 4 | . 14 4 . . Launcher 1 | . 9 . . . Special Weapon 3 | . 1 9 14 . Slashing Weapon 3 | . . . . 6 Peak Build Rating 29 | 6 11 10 9 29 Average Rating 10 | 4 7 8 9 13 On Entrance 6 | . 6 8 9 9 Avg Prop Armor Cover (%) . | . . . . . Naked Turns . | . . . . . Heaviest Build 211 | 12 33 31 30 211 Greatest Support 40 | 40 40 40 32 32 Greatest Overweight (x) 11 | . . 1 . 11 Average Overweight (x) . | . . . . . Largest Inventory Capacity 35 | 8 15 15 15 35 Average Capacity 15 | 7 11 14 15 17 Most Carried 17 | 4 10 12 8 17 Average Carried 10 | 1 7 8 8 12 Final Capacity 35 | 8 15 15 15 35 Final Carried 17 | 4 10 8 8 17 Class Distribution -------------------- 93% | Mutant 5% | Hauler-Mutant Dominant Class ---------------- Mutant | -10/Materials Mutant | -10/Mines Mutant | -10/Subcaves Mutant | -7/Scraptown Resources | -11 -10 -10 -10 -7 ----------- Run | Yrd Mat Min Sub Scr Matter Collected 959 | 221 230 207 . 301 Remotely . | . . . . . Salvage Created 1030 | . 303 587 . 140 Parts 46 | . 17 23 . 6 Haulers Intercepted 1 | . 1 . . . Recyclers Shooed 1 | . 1 . . . Parts Field Recycled . | . . . . . Retrieved Matter . | . . . . . Parts Self-Destructed . | . . . . . Prevented . | . . . . . Parts Restored . | . . . . . Kills | -11 -10 -10 -10 -7 ------- Run | Yrd Mat Min Sub Scr Combat Hostiles Destroyed 18 | . 8 8 . 2 Melee 1 | . . . . 1 Guns 9 | . 3 5 . 1 Cannons 3 | . 1 2 . . AOE 5 | . 4 1 . . Classes Destroyed 6 | . 3 2 . 1 Worker 1 | . 1 . . . Hauler 1 | . 1 . . . Recycler 4 | . . 4 . . Swarmer 2 | . . 2 . . Grunt 14 | . 8 6 . . Scrapper 2 | . . . . 2 Best Kill Streak 3 | . 3 2 . 1 Combat Bots Only 2 | . 2 2 . 1 Max Kills in Single Turn 2 | . 2 2 . 1 Gunslinging . | . . . . . Exploded 2 | . 2 1 . . Melee 1 | . . . . 1 Uniques/NPCs Destroyed . | . . . . . Combat | -11 -10 -10 -10 -7 -------- Run | Yrd Mat Min Sub Scr Hostile Shots Fired 99 | . 25 61 . 13 Missed 27 | . 10 16 . 1 Hits 72 | . 15 45 . 12 Projectile 72 | . 15 45 . 12 Critical Strikes 2 | . . 1 . 1 Damage Taken 1210 | . 302 578 . 330 Core 264 | . 40 138 . 86 Absorbed by Shields . | . . . . . Core Remaining (%) 100 | 100 . . . . Volleys Fired 145 | . 22 117 . 6 Largest 2 | . 2 2 . 2 Hottest 130 | . 113 100 . 130 Shots Fired 202 | . 35 156 . 11 Gun 97 | . 19 68 . 10 Cannon 18 | . 3 15 . . Launcher 11 | . 10 . . 1 Special 76 | . 3 73 . . Kinetic 63 | . 13 50 . . Thermal 104 | . 6 88 . 10 Explosive 11 | . 10 . . 1 Electromagnetic 24 | . 6 18 . . Robot Hit Streak 9 | . 6 9 . 4 Robot Miss Streak 8 | . 5 8 . 1 Penetration Max . | . . . . . Secondary Targets 2 | . . 2 . . Max Gunslinging Chain 1 | . . 1 . . Shots Hit Robots 73 | . 13 51 . 9 Core Hits 50 | . 24 23 . 3 Critical Kills . | . . . . . Critical Parts Destroyed . | . . . . . Critical Strikes . | . . . . . Melee Attacks 12 | . . . . 12 Impact . | . . . . . Slashing 5 | . . . . 5 Piercing 7 | . . . . 7 Sneak Attacks . | . . . . . Combat Hostiles . | . . . . . Follow-up Attacks 1 | . . . . 1 Damage Inflicted 1743 | . 703 804 . 236 Guns 694 | . 140 432 . 122 Cannons 247 | . 42 205 . . Explosions 685 | . 521 164 . . Melee 114 | . . . . 114 Ramming 3 | . . 3 . . Kinetic 270 | . 36 234 . . Thermal 533 | . 42 369 . 122 Explosive 521 | . 521 . . . Electromagnetic 302 | . 104 198 . . Impact . | . . . . . Slashing 114 | . . . . 114 Piercing . | . . . . . Highest Corruption . | . . . . . Average Corruption . | . . . . . Corruption Purged . | . . . . . Corruption Blocked . | . . . . . Overload Shots . | . . . . . Overflow Damage . | . . . . . Projectiles . | . . . . . Explosions . | . . . . . Melee . | . . . . . Knockbacks . | . . . . . Impact . | . . . . . Kinetic . | . . . . . Secondary . | . . . . . Self-Inflicted Damage 65 | . 64 1 . . Shots 4 | . 4 . . . Rammed 1 | . . 1 . . Targets Rammed 1 | . . 1 . . Kicked . | . . . . . Crushed . | . . . . . Highest Temperature 509 | . 51 247 . 509 Average Temperature 57 | . 13 44 . 239 Received Heat Transfer 586 | . 102 315 . 169 Effects 8 | . . 3 . 5 Energy Bleed 2 | . . 1 . 1 Interference 4 | . . 2 . 2 Damage (major) 2 | . . . . 2 Siege Activations . | . . . . . Martial Activations . | . . . . . Shielding Activations . | . . . . . Robots Disrupted . | . . . . . Combat Hostiles . | . . . . . Robots Corrupted . | . . . . . Combat Hostiles . | . . . . . Parts Fried . | . . . . . Impact Corruptions . | . . . . . Robots Melted . | . . . . . Combat Hostiles . | . . . . . Parts Melted 5 | . . . . 5 Heat Transferred 754 | . 74 470 . 210 Parts Sabotaged . | . . . . . Parts Stolen . | . . . . . Parts Stripped . | . . . . . Power Chain Reactions 3 | . . 3 . . Alert | -11 -10 -10 -10 -7 ------- Run | Yrd Mat Min Sub Scr Maximum Alert Level . | . . . . . Low Security (%) 100 | 100 100 100 . . Level 1 . | . . . . . Level 2 . | . . . . . Level 3 . | . . . . . Level 4 . | . . . . . Level 5 . | . . . . . High Security . | . . . . . Max Security . | . . . . . Peak Influence 169 | . 169 113 . . Initial 31 | . . 31 . . Average 33 | . 80 15 . . Influence Increases 684 | . 399 285 . . Destroy 0b10 Robot/C 340 | . 160 180 . . Destroy 0b10 Robot/NC 30 | . 10 20 . . Destroy Leader 82 | . 42 40 . . Allied During Kill 10 | . . 10 . . Successful Hack 28 | . 28 . . . Disable Machine 90 | . 75 15 . . Destroy Structure 104 | . 84 20 . . Influence Decreases 684 | . 318 366 . . Entered New Map 50 | . . 50 . . Time Decay 574 | . 298 276 . . Lost Part 40 | . 20 20 . . Lost Ally 20 | . . 20 . . Squads Dispatched 2 | . 2 . . . Investigation 1 | . 1 . . . Extermination . | . . . . . Reinforcement 1 | . 1 . . . Assault . | . . . . . Garrison . | . . . . . Intercept . | . . . . . Searches Triggered . | . . . . . Construction Impeded . | . . . . . Haulers Reinforced . | . . . . . Active Scanning Responses . | . . . . . Cargo Convoy Interrupts . | . . . . . Stealth | -11 -10 -10 -10 -7 --------- Run | Yrd Mat Min Sub Scr Distress Signals 2 | . 2 . . . Communications Jammed . | . . . . . Distress Signals . | . . . . . Times Spotted 31 | . 14 9 . 8 Peak Tracking Total 4 | . 4 3 . 3 Tactical Retreats 1 | . . . . 1 Traps | -11 -10 -10 -10 -7 ------- Run | Yrd Mat Min Sub Scr Traps Triggered 1 | . 1 . . . Indirectly . | . . . . . Trap Hack Attempts . | . . . . . Triggered . | . . . . . Disarmed . | . . . . . Reprogrammed . | . . . . . Reused . | . . . . . Traps Extracted . | . . . . . Installed . | . . . . . Triggered . | . . . . . Machines | -11 -10 -10 -10 -7 ---------- Run | Yrd Mat Min Sub Scr Machines Disabled 7 | . 5 1 . 1 Max in Single Turn 2 | . 2 1 . 1 Machines Repaired . | . . . . . Machines Dismantled . | . . . . . Machines Sabotaged . | . . . . . Overloaded Fab Kills . | . . . . . Hacking | -11 -10 -10 -10 -7 --------- Run | Yrd Mat Min Sub Scr Machines Accessed 12 | . 5 . . 7 Terminals 3 | . 3 . . . Fabricators . | . . . . . Repair Stations . | . . . . . Recycling Units 2 | . 2 . . . Scanalyzers . | . . . . . Garrison Access . | . . . . . Total Hacks 78 | . 21 . . 57 Successful 69 | . 12 . . 57 Failed 9 | . 9 . . . Catastrophic 2 | . 2 . . . Database Lockouts . | . . . . . Manual 8 | . 8 . . . Terminals 13 | . 13 . . . Fabricators . | . . . . . Repair Stations . | . . . . . Recycling Units 8 | . 8 . . . Scanalyzers . | . . . . . Garrison Access . | . . . . . Terminal Hacks 62 | . 5 . . 57 Record 48 | . . . . 48 Part Schematic 1 | . 1 . . . Robot Analysis 9 | . . . . 9 Branch Access Points 1 | . 1 . . . Alert Level 1 | . 1 . . . Hauler Manifests 1 | . 1 . . . Registered Components 1 | . 1 . . . Fabricator Hacks . | . . . . . Repair Station Hacks . | . . . . . Recycling Unit Hacks 4 | . 4 . . . Report Inventory 2 | . 2 . . . Retrieve Components 2 | . 2 . . . Scanalyzer . | . . . . . Garrison Access Hacks . | . . . . . Unauthorized Hacks 3 | . 3 . . . Terminals 3 | . 3 . . . Botnet 3 | . 3 . . . Fabricators . | . . . . . Repair Stations . | . . . . . Recycling Units . | . . . . . Scanalyzers . | . . . . . Garrison Access . | . . . . . Data Cores Recovered . | . . . . . Used . | . . . . . Hacking Detections 5 | . 5 . . . Full Trace Events 2 | . 2 . . . Feedback Events . | . . . . . Feedback Blocked . | . . . . . Robot Schematics Acquired . | . . . . . Robots Built . | . . . . . Authchips . | . . . . . Time . | . . . . . Total Robot Build Rating . | . . . . . Part Schematics Acquired 1 | . 1 . . . Parts Built . | . . . . . Authchips . | . . . . . Time . | . . . . . Total Part Build Rating . | . . . . . Part Studies Acquired . | . . . . . Parts Repaired . | . . . . . Time . | . . . . . Parts Recycled . | . . . . . Recycled Matter . | . . . . . Retrieved Matter . | . . . . . Retrieved Components 6 | . 6 . . . Parts Scanalyzed . | . . . . . Part Schematics Acquired . | . . . . . Parts Damaged . | . . . . . Bothacking | -11 -10 -10 -10 -7 ------------ Run | Yrd Mat Min Sub Scr Used RIF Installer . | . . . . . Robots Hacked . | . . . . . Non-combat . | . . . . . Combat . | . . . . . Robot Hacks Applied . | . . . . . Relay Couplers Released . | . . . . . Fabnet Peak Effective % . | . . . . . Robots Rewired . | . . . . . Allies Hacked . | . . . . . Hacks Repelled . | . . . . . Allies | -11 -10 -10 -10 -7 -------- Run | Yrd Mat Min Sub Scr Total Allies 2 | . . 2 . . Largest Group 2 | . . 2 1 1 Highest-Rated Group 50 | . . 50 19 19 Highest-Rated Ally 31 | . . 31 19 19 Total Orders . | . . . . . Ally Attacks 11 | . . 11 . . Total Damage 147 | . . 147 . . Kills 1 | . . 1 . . Allies Corrupted . | . . . . . Allies Melted 10 | . . . . 10 Intel | -11 -10 -10 -10 -7 ------- Run | Yrd Mat Min Sub Scr Active Infowar (turns) 4495 | . 673 1837 97 1888 Structural 1773 | . 180 49 . 1544 Seismic 2722 | . 493 1788 97 344 Robot Analysis Total 9 | . . . . 9 Derelict Logs Recovered 3 | . . 2 1 . Drone Launches . | . . . . . Drone Recoveries . | . . . . . Exploration | -11 -10 -10 -10 -7 ------------- Run | Yrd Mat Min Sub Scr Turns Passed 5724 | 91 848 2079 97 2609 Spaces Moved 4042 | 50 471 1223 85 2213 Core 2 | 2 . . . . Treads 596 | 48 471 76 . 1 Legs 80 | . . 80 . . Wheels 3364 | . . 1067 85 2212 Hover . | . . . . . Flight . | . . . . . Fastest Speed 50 | 50 160 100 100 100 Average Speed 115 | 155 160 106 100 110 Slowest Speed 360 | 160 160 190 100 360 Overloaded Moves . | . . . . . Propulsion Burnouts . | . . . . . Robots Hopped . | . . . . . Potential Cave-ins . | . . . . . Cave-ins Triggered 1 | . . . . 1 Exploration Rate (%) 53 | 3 65 99 8 91 Regions Visited 4 Branch Regions 3 Pre-discovered Areas 1 | . . . . 1 Known Exits Taken 1 | . 1 . . . Unknown Exits Taken 3 | 1 . 1 1 . Scrap Searched 8 | . . 1 . 7 Spaces Dug 24 | . 3 17 . 4 Terrain Destroyed 135 | . 81 45 . 9 Melee 4 | . . . . 4 Projectile 26 | . 3 23 . . AOE 105 | . 78 22 . 5 Terrain Rammed . | . . . . . Walls Destroyed . | . . . . . Machines Disabled . | . . . . . Actions | -11 -10 -10 -10 -7 --------- Run | Yrd Mat Min Sub Scr Total 4741 | 60 524 1704 97 2356 Wait 371 | 1 6 333 13 18 Move 4038 | 49 470 1222 84 2213 Hop . | . . . . . Pick Up 63 | 4 6 12 . 41 Fast Attach 21 | 6 5 4 . 6 Attach 14 | . 1 4 . 9 Detach 10 | . 2 . . 8 Swap 28 | . 8 4 . 16 Drop 39 | . 4 7 . 28 Fire 145 | . 22 117 . 6 Melee 11 | . . . . 11 Ram 1 | . . 1 . . Kick . | . . . . . Crush . | . . . . . Escape Stasis . | . . . . . Rewire . | . . . . . Trap . | . . . . . Miscellaneous . | . . . . . Route ------- -11/Scrapyard -10/Materials (discovered 3 exits: [*Mat] / *Min / [*Sub]) -10/Mines (discovered 3 exits: [*Mat x2] / [*Sub]) -10/Subcaves -7/Scraptown (discovered 2 exits: [*Fac x2]) History --------- Turn | Location | Event 30 | -11/Scrapyard | Discovered new exit (range 16) 92 | -11/Scrapyard | Entered Materials 146 | -10/Materials | Identified exit to Mines 191 | -10/Materials | Discovered new exit (range 10) 314 | -10/Materials | Build established: Mutant 685 | -10/Materials | Discovered new exit (range 15) 940 | -10/Materials | Entered Mines 1147 | -10/Mines | Core integrity fell below 50% 1171 | -10/Mines | Lost 4 parts (1p2n1w) 1352 | -10/Mines | Found a hidden stash of uninstalled traps 1426 | -10/Mines | Learned location of 1 exit from Materials 1566 | -10/Mines | Discovered new exit (range 12) 1774 | -10/Mines | Discovered new exit (range 10) 1848 | -10/Mines | Discovered new exit (range 8) 3019 | -10/Mines | Entered Subcaves 3019 | -10/Subcaves | Accompanied by 1 ally 3020 | -10/Subcaves | Approached by a straggling Scientist 3116 | -10/Subcaves | Entered Scraptown 3116 | -7/Scraptown | Accompanied by 1 ally 3212 | -7/Scraptown | Heard Great Nut preacher, LISTEN AND RECITE! 3345 | -7/Scraptown | Visited Junk Repository 3393 | -7/Scraptown | Visited Red Mages 3527 | -7/Scraptown | Visited Symbiants 3564 | -7/Scraptown | Learned location of Extension (-4) 4040 | -7/Scraptown | Discovered new exit (range 5) 4188 | -7/Scraptown | Visited The Evicted 4224 | -7/Scraptown | Visited Awakened 4324 | -7/Scraptown | Visited Cyclists 4368 | -7/Scraptown | Visited Fellowship of the Rings 4429 | -7/Scraptown | Visited UFD Registry 4433 | -7/Scraptown | Registered with UFD as "Slugbot" 4478 | -7/Scraptown | Visited Research Penetration Think Tank 4524 | -7/Scraptown | Visited DA-N13 Charitable Foundation 4531 | -7/Scraptown | Found DCF Scrap (31 items) 4837 | -7/Scraptown | Found Scrap Suit 4885 | -7/Scraptown | Discovered new exit (range 5) 4937 | -7/Scraptown | Visited Junk Repository 5003 | -7/Scraptown | Visited A0-MCA Data Center 5010 | -7/Scraptown | Given a C rating by A0-MCA 5019 | -7/Scraptown | Found A0-MCA's Component Scanner 5081 | -7/Scraptown | Met Optimus 5081 | -7/Scraptown | Accepted into 0bPrime 5168 | -7/Scraptown | Civil war broke out across Scraptown 5168 | -7/Scraptown | Visited Analyses Database 5243 | -7/Scraptown | Lost 4 allies 5249 | -7/Scraptown | Found Expert System 5695 | -7/Scraptown | Build established: Hauler-Mutant 5726 | -7/Scraptown | Crushed by falling debris 5726 | -7/Scraptown | Smashed by cave-in Last Messages --------------- 05458_ Acquired Arm. Huge Wheel. 05461_ Acquired Falx. 05464_ Acquired Mak. Axe. 05467_ Acquired Spear. 05470_ Acquired Lrg. Storage Unit. 05473_ Acquired Transmission Jammer. 05485_ Acquired 30 matter. 05489_ Acquired Mak. Microdissipator Network. 05590_ Acquired Ovr. Treads. 05596_ Dropped Ovr. Treads. 05605_ 8S-P36(l): "0bPrime and our allies are ready to strike fear into MC's aging processors, join us and win!" 05618_ Acquired 10 matter. 05623_ Acquired 30 matter. 05629_ PM-ETW(j): "We will win here, and we will win in 0b1. Believe it." 05631_ Acquired Mak. Light Armor Plating. 05726_ The unstable cave ceiling collapses. 05726_ Crushed by falling debris. Map ----- +----------------------------------------------------+ | ???????#""% "#########??????????????????????? | | ???????#" ! "#??????????????????????????????? | | ???????#"" "#??????????????????????????????? | | ########" "#?? ? ?????????????????????????? | | """""""""" "##" ???????????????????????? | | " """""""" " ???????????????????????? | | ! "##" ???????????????????????? | | ! "#?? #????????????????????????? | | [! ! "#??????????????????????????????? | | *%!==%=! ##?????????????????????????????? | | *!%!=[%[ ! #?????????????????????????????? | | """"""=""""" =!##?????????????????????????????? | | ###### ######!=!#??????????????????????????????? | | ???? ???#%[=#??????????????????????????????? | | ???" "??#=!!#??????????????????????????????? | | ??!" "!?#%!!#??????????????????????????????? | | ??"" ""?#=/%#??????????????????????????????? | | ?" [ % ?#*[%#?????####?????????????????????? | | ??"" % ""?#==*####### ###???????????????????? | | ??!" "/?# [*=! #???????????????????? | | ??"" "??# /! ! ##???????????????????? | | ??? """ ??# [%!%! #???????????????????? | | ???# "&" #??# % !* #???????????????????? | | ???#"???"??## =%= #???????????????????? | | ???????????#" !####### #???????????????????? | | ############"[[ "####??##@ #???????????????????? | | ""##"""##"|""=% """#???# #???????????????????? | | ""##"" ##"= [ ! " "#???####???????????????????? | | !%/!![%/ !% *%[ "#??????????????????????????? | | ==*%= =! = ! "= "#??????????????????????????? | | !* =*! %[ "" "#??????????????????????????? | | |"##! %##" ## ######??????????????????????????? | | ""##"""##"""####???????????????????????????????? | | #############??????????????????????????????????? | | ???????????????????????????????????????????????? | | ???????????????????????????????????????????????? | | ???????????????????????????????????????????????? | | ???????????????????????????????????????????????? | | ???????????????????????????????????????????????? | | ???????????????????????????????????????????????? | | ???????????????????????????????????????????????? | | ???????????????????????????????????????????????? | | ???????????????????????????????????????????????? | | ???????????????????????????????????????????????? | | ???????????????????????????????????????????????? | | ???????????????????????????????????????????????? | | ???????????????????????????????????????????????? | | ???????????????????????????????????????????????? | | | | | +----------------------------------------------------+ Best States ------------- Heat Dissipation 35 Energy Generation 16 Energy Capacity 290 Matter Stores 300 Matter Capacity 300 Sight Range 16 Terrain Scan Density 10 Armor Coverage 225 Evasion (%) 55 Recoil Reduction 2 Item Schematics ----------------- Propulsion Shielding | -10/Materials | Hacked Robot Schematics ------------------ None Fabricated ------------ Nothing Repaired ---------- Nothing Studied --------- None Alien Tech Used ----------------- None Achievements -------------- Armchair Analyst Civilization 2243 Link The Feds Challenges ------------ None Game ------ Seed SkeletonTargetRipteeth Manual? 0 Play Time 02:23:50 Cumulative 54.9 hours Start 2026.08.15 @ 20:24:44 End 2026.08.16 @ 01:09:09 Sessions 1 Manual Loads 0 Difficulty Rogue Special Mode None Game No. 39 Rogue 39 Adventurer 0 Explorer 0 Win Type - Total 0 Types 0/0/0/0/0/0/0/0/0/0 Lore% 22 Gallery% 31 Achievement% 26 Wizard Run 0 Options --------- Layout 1 ASCII 0 Keyboard 1 Movement Vi Keybinds 0 Fullscreen 2 Font 24/Smallcaps Map View 50x35 Zoom Use 0% Tactical HUD 1 Map Filters NONE Filters NONE Steam 1 RUN: 35d1e52b-fecd-4d7a-84d0-06b0f9772d34